 Dungeon Crawl Stone Soup version 0.26.1-2-gb8aa6d0cf2 (webtiles) character file.

Game seed: 1267824349174442207

340 Gadfly the Skirmisher (level 6, -3/62 HPs)
             Began as an Ogre Monk on Feb 12, 2021.
             Slain by a big kobold
             ... wielding a +0 club
              (7 damage)
             ... in a sewer.
             The game lasted 00:04:37 (3762 turns).

Gadfly the Skirmisher (Ogre Monk)                   Turns: 3762, Time: 00:04:37

Health: -3/62      AC:  4    Str: 15 (18) XL:     6   Next: 56%
Magic:  8/8        EV: 14    Int: 11      God:
Gold:   251        SH:  5    Dex: 10 (11) Spells: 5/5 levels left

rFire    . . .     SeeInvis .   b - +1 dagger (flame)
rCold    . . .     Faith    .   (no shield)
rNeg     . . .     Spirit   .   h - +0 robe
rPois    .         Reflect  +   (helmet restricted)
rElec    .         Harm     .   g - +0 cloak
rCorr    .         Rampage  .   (gloves unavailable)
Will     .....                  (boots unavailable)
Stlth    ++........             c - amulet of reflection
HPRegen  0.20/turn              m - +4 ring of evasion
MPRegen  0.11/turn              (no ring)

@: no status effects
A: large, unfitting armour, tough skin 1
a: no special abilities


You were in a sewer.
You visited 1 branch of the dungeon, and saw 4 of its levels.
You also visited: Sewer.

You collected 251 gold pieces.

Inventory:

Hand Weapons
 a - a +0 mace
 b - a +1 dagger of flaming (weapon)
Missiles
 l - 5 boomerangs (quivered)
Armour
 g - a +0 cloak (worn)
 h - a +0 robe (worn)
Jewellery
 c - an amulet of reflection (around neck)
 m - a +4 ring of evasion (left hand)
 q - an uncursed ring of fire
Potions
 j - a potion of mutation


   Skills:
 - Level 4.0 Fighting
 + Level 3.3 Maces & Flails
 * Level 2.8 Throwing
 * Level 2.2 Armour
 - Level 2.6 Dodging
 - Level 1.4 Stealth
 * Level 3.0 Invocations
 * Level 2.1 Evocations


You had 5 spell levels left.
You didn't know any spells.
Your spell library was empty.

Dungeon Overview and Level Annotations

Branches:
Dungeon (4/15)              Sewer (1/1)
 Temple: D:4-7

Altars:
Fedhas
Gozag
Makhleb
Qazlal
Trog


Innate Abilities, Weirdness & Mutations

You are too large for most types of armour.
You have tough skin. (AC +1)


Message History

You hit the big kobold but do no damage.
The big kobold is severely wounded.
The big kobold hits you with a +0 club.
* * * LOW HITPOINT WARNING * * *
You closely miss the big kobold.
The big kobold is severely wounded.
The big kobold hits you with a +0 club.
* * * LOW HITPOINT WARNING * * *
You hit the big kobold but do no damage.
The big kobold is severely wounded.
The big kobold completely misses you.
You hit the big kobold. You burn the big kobold.
The big kobold is almost dead.
You barely miss the big kobold.
The big kobold is almost dead.
The big kobold closely misses you.
You hit the big kobold but do no damage.
The big kobold is severely wounded.
The big kobold hits you with a +0 club!
You die...

≈≈# ≈≈≈#
≈≈≈# ≈≈≈#
##≈≈≈##
#.≈≈≈.#
###K≈≈≈.#
#@KK≈≈≈.#
###K≈≈≈≈#
#.≈≈≈.#
##K≈≈≈.##
#.K≈≈≈r≈##
#≈KK≈≈≈≈≈≈
#.≈≈≈≈≈.##
#..≈≈≈≈≈#
#.≈≈≈≈≈.#


You could see a big kobold, a river rat and 3 kobolds.

Vanquished Creatures
  An ogre (D:4)
  A howler monkey (D:4)
  A hound (D:4)
  Jessica (D:2)
  A worker ant (D:4)
  9 adders
  3 dart slugs
  A worm (D:2)
  A leopard gecko (D:4)
  An orc (D:2)
  6 bats
  3 giant cockroaches
  5 hobgoblins
  2 jackals (Sewer)
  7 kobolds
  A quokka (D:2)
  A ball python (D:3)
  5 frilled lizards
  4 goblins
  7 rats
61 creatures vanquished.

Notes
Turn   | Place    | Note
-------+----------+-------------------------------------------
     0 | D:1      | Gadfly the Ogre Monk began the quest for the Orb.
     0 | D:1      | Reached XP level 1. HP: 24/24 MP: 1/1
   253 | D:1      | Reached XP level 2. HP: 32/32 MP: 2/2
  1155 | D:2      | Noticed Jessica
  1164 | D:2      | Killed Jessica
  1165 | D:2      | Reached skill level 1 in Throwing
  1165 | D:2      | Reached skill level 1 in Armour
  1165 | D:2      | Reached skill level 1 in Invocations
  1165 | D:2      | Reached XP level 3. HP: 23/39 MP: 3/3
  1167 | D:2      | Reached skill level 1 in Evocations
  1458 | D:2      | Found a burning altar of Makhleb.
  1799 | D:2      | Reached XP level 4. HP: 45/48 MP: 5/5
  3062 | D:3      | Reached XP level 5. HP: 51/54 MP: 6/6
  3550 | D:4      | HP: 2/54 [hound (2)]
  3617 | D:4      | Found a stormy altar of Qazlal.
  3617 | D:4      | Found a blossoming altar of Fedhas.
  3617 | D:4      | Found an opulent altar of Gozag.
  3617 | D:4      | Found a bloodstained altar of Trog.
  3618 | D:4      | Noticed a phantom
  3646 | D:4      | Reached XP level 6. HP: 31/62 MP: 6/8
  3694 | D:4      | Found a glowing drain.
  3700 | Sewer    | Entered a sewer
  3762 | Sewer    | Slain by a big kobold

Illustrated notes

Levels and vault maps discovered:
D:1:      minmay_arrival_nine_rooms, layout_basic
D:2:      layout_loops_cross, marbit_many_paths, uniq_jessica
D:3:      layout_basic, kennysheep_generic_room_13
D:4:      minmay_diamond_boxcup, layout_basic, grunt_temple_overflow_open,
          portal_sewer_entry_b, minmay_cut_off
Sewer:    sewer_kobolds

Skill      XL: |  1  2  3  4  5  6 |
---------------+-------------------+-----
Throwing       | 1 2 |  2.8
Armour         | 1 2 |  2.2
Invocations    | 1 2 3 |  3.0
Evocations     | 1 2 |  2.1
Maces & Flails | 3 |  3.3
Fighting       | |  4.0
Dodging        | |  2.6
Stealth        | |  1.4

Action                   |  1- 3 |  4- 6 || total
-------------------------+-------+-------++-------
Melee: Mace              |    31 |       ||    31
       Dagger            |    39 |   222 ||   261
Throw: Stone             |     2 |     3 ||     5
       Boomerang         |       |     7 ||     7
  Use: Scroll            |     2 |    10 ||    12
       Potion            |       |     6 ||     6
 Stab: Sleeping          |     2 |       ||     2
Armor: Robe              |    12 |    52 ||    64
Dodge: Dodged            |    27 |   141 ||   168
Block: Other             |     7 |    35 ||    42
